Map: Heavy Artillery LE

Players

Massa

  • Race: Terran Terran
  • League: Platinum
  • Spawn Location: 1:00

qqq

  • Race: Zerg Zerg
  • Spawn Location: 3:00

oggzzz - Winner!

  • Race: Protoss Protoss
  • League: Silver
  • Spawn Location: 7:00

Tjolof - Winner!

  • Race: Terran Terran
  • League: Diamond
  • Spawn Location: 7:00

VOD

Have the link to the VOD?

Description

Time

  • Played on: Nov. 16, 2020, 2:42 p.m.
  • Length: 20:20
Show
View Real Time Build Order
Export as new Build Order

Massa Terran 

Build Orders:  

Get SALT Encoding   

  12  0:00  SCV  
  13  0:13  SCV  
  14  0:23  Supply Depot  
  14  0:25  SCV  
  15  0:39  Refinery  
  15  0:45  SCV  
  15  0:46  Barracks  
  16  0:57  SCV  
  17  1:09  SCV  
  18  1:21  SCV  
  19  1:33  SCV  
  19  1:35  Barracks Reactor  
  20  1:43  Command Center  
  20  1:46  Orbital Command  
  20  2:06  Factory  
  20  2:11  Marine x2  
  20  2:15  SCV  
  23  2:32  Supply Depot  
  23  2:35  Engineering Bay  
  23  2:49  Factory Tech Lab  
  23  2:53  Marine x2  
  23  2:54  SCV, Supply Depot  
  26  2:59  SCV  
  26  3:00  Barracks  
  27  3:06  SCV  
  27  3:11  Marine  
  29  3:15  Siege Tank  
  29  3:16  Marine  
  33  3:21  Orbital Command  
  33  3:22  SCV  
  34  3:29  Marine  
  35  3:34  SCV  
  35  3:38  Missile Turret  
  36  3:42  Missile Turret  
  36  3:46  SCV  
  36  3:57  Marine, Siege Tank  
  36  3:58  Marine  
  41  4:11  SCV x2  
  41  4:13  Refinery  
  41  4:14  Refinery  
  41  4:15  Marine  
  41  4:16  Refinery  
  44  4:17  Barracks Tech Lab  
  44  4:23  SCV x2  
  46  4:35  SCV x2, Command Center  
  48  4:41  Starport  
  48  4:52  SCV x2  
  50  5:04  SCV  
  50  5:05  Starport  
  51  5:07  Starport  
  51  5:32  Cyclone  
  53  5:36  Marine  
  54  5:44  Supply Depot  
  54  5:46  Marine x2, Supply Depot  
  54  5:47  Supply Depot x2  
  56  5:54  Marine  
  57  5:59  Stimpack  
  57  6:01  SCV x2  
  57  6:04  Orbital Command, Marine x2, Cyclone  
  62  6:08  Viking  
  66  6:11  Marine  
  66  6:13  SCV  
  60  6:22  Marine x2  
  58  6:29  Marine  
  55  6:36  Cyclone  
  58  6:40  Marine x2  
  60  6:47  Marine  
  61  6:58  Marauder, Marine  
  61  7:00  Viking x2  
  61  7:01  Viking  
  70  7:05  Marine  
  71  7:19  Marauder  
  70  7:30  Viking x2  
  70  7:31  Viking  
  76  7:37  Cyclone  
  79  7:45  Armory  
  79  7:51  Sensor Tower  
  79  7:58  Missile Turret  
  79  8:00  Viking x2  
  79  8:01  Viking  
  85  8:30  Marine, Viking x2  
  85  8:31  Marauder, Marine, Viking  
  85  8:33  Thor  
  101  9:13  Marine  
  101  9:16  Supply Depot  
  101  9:19  Supply Depot x2  
  101  9:20  Supply Depot x2  
  101  9:22  Supply Depot  
  101  9:24  Supply Depot  
  101  9:37  Viking x2  
  101  9:38  Marauder  
  107  9:39  Supply Depot  
  103  10:01  Viking  
  103  10:03  Marauder, Marine  
  108  10:07  Viking x2  
  112  10:17  Siege Tank  
  115  10:25  Marauder  
  117  10:31  SCV x2, Viking  
  121  10:37  Viking  
  123  10:43  SCV x2  
  123  10:46  Marauder  
  123  10:48  Marine  
  123  10:49  Orbital Command  
  128  10:55  SCV x2, Barracks x2, Terran Infantry Weapons Level 1  
  128  10:56  Terran Vehicle And Ship Armor Level 1  
  130  10:57  Barracks  
  130  11:06  Marine  
  130  11:07  Marauder  
  133  11:17  SCV x3  
  136  11:23  Marine  
  137  11:28  Sensor Tower  
  137  11:29  SCV x2  
  137  11:32  Missile Turret  
  139  11:36  Refinery  
  139  11:50  Medivac x2  
  139  11:51  Medivac  
  145  11:56  Siege Tank  
  148  12:01  Barracks Tech Lab  
  148  12:02  Barracks Reactor, Barracks Tech Lab, Command Center  
  148  12:03  Barracks Reactor, Combat Shield  
  148  12:10  Engineering Bay  
  148  12:13  Armory  
  148  12:20  Medivac x3  
  148  12:21  Concussive Shells, Supply Depot x3  
  156  12:23  Marauder x3  
  156  12:28  Siege Tank  
  163  12:31  Smart Servos  
  163  12:39  Refinery  
  163  12:42  SCV x2  
  163  12:43  SCV  
  168  12:44  Marauder x2  
  168  12:45  Marauder  
  168  12:47  Supply Depot x2  
  172  12:54  SCV  
  172  12:55  SCV x2  
  172  12:57  Marine x3  
  172  12:58  Marine  
  183  13:05  Marauder  
  183  13:06  SCV, Marauder x2  
  183  13:07  SCV x2, Terran Infantry Weapons Level 2  
  183  13:08  Terran Infantry Armor Level 1  
  183  13:09  Terran Vehicle Weapons Level 1  
  183  13:11  Starport Tech Lab, Starport Reactor  
  188  13:15  Marine x2  
  190  13:33  Thor  
  196  13:41  Orbital Command  
  196  13:43  Refinery, SCV x2  
  196  13:44  SCV  
  197  13:55  SCV  
  167  14:37  Command Center  
  167  14:43  Barracks  
  167  14:44  Missile Turret x3  
  167  14:45  Barracks  
  167  14:47  Factory  
  167  14:49  Missile Turret  
  167  14:54  Refinery  
  167  14:56  Refinery  
  167  14:57  SCV x3  
  170  15:09  SCV x3  
  173  15:21  Viking x4  
  181  15:32  Barracks Reactor  
  181  15:33  Barracks Tech Lab  
  181  15:45  Barracks Reactor  
  181  15:51  Viking x2  
  181  15:52  Thor  
  181  15:56  Factory Tech Lab  
  191  15:57  Orbital Command  
  147  16:35  Thor  
  147  16:46  Marauder x2, Marine  
  147  16:47  Marine x2  
  129  17:07  Marauder  
  129  17:08  Marauder  
  123  17:13  Marine x2  
  123  17:14  Marine x4  
  108  17:18  Thor  
  120  17:28  Marauder  
  120  17:29  Marauder  
  124  17:30  Barracks x2  
  124  17:31  Barracks, Marine x5  
  124  17:32  Barracks, Marine  
  98  17:46  Viking x4  
  98  17:49  Marine x4  
  98  17:50  Marauder x2  
  101  18:07  Marine x4  
  101  18:12  Marauder  
  102  18:16  Viking x4  
  102  18:18  Factory x2  
  102  18:19  Barracks Tech Lab x4, Factory  
  110  18:20  Factory  
  110  18:26  Barracks  
  109  18:27  Barracks  
  109  18:29  Barracks  
  109  18:30  Barracks, Marine x2  
  78  18:46  Viking x3  
  78  18:48  Marine  
  68  19:03  Marauder x2  
  68  19:04  Marauder x2  
  68  19:05  Factory Tech Lab x2  
  68  19:06  Factory Tech Lab x2  
  63  19:16  Barracks Reactor, Barracks Tech Lab  
  58  19:17  Barracks Tech Lab  
  58  19:18  Barracks Reactor  
  58  19:23  Starport  
  48  19:24  Starport  
  48  19:25  Marauder x4  
  48  19:28  Starport x2  
  55  19:37  Armory  
  55  19:39  Engineering Bay  
  55  19:40  Marauder x2  
  55  19:45  Siege Tank x3  
  68  19:46  Marauder x4  
  68  19:47  Widow Mine  
  82  20:12  Starport Tech Lab, Starport Reactor  
  82  20:18  Supply Depot  
Show
View Real Time Build Order
Export as new Build Order

qqq Zerg 

Build Orders: Hatch First, Brood Lord Corruptor 

Get SALT Encoding   

  12  0:00  Drone  
  13  0:08  Drone  
  14  0:26  Overlord  
  14  0:43  Hatchery  
  13  0:50  Drone  
  13  0:52  Drone  
  13  0:56  Drone  
  16  1:02  Drone  
  17  1:11  Extractor  
  16  1:30  Spawning Pool  
  16  1:31  Drone x2  
  17  1:36  Drone  
  18  1:47  Drone  
  19  1:55  Drone  
  19  1:56  Drone  
  21  2:11  Drone  
  21  2:13  Drone, Hatchery  
  22  2:23  Lair  
  22  2:27  Drone  
  23  2:35  Queen  
  25  2:38  Drone  
  26  2:45  Overlord  
  26  2:49  Drone x2  
  28  2:55  Extractor  
  27  3:02  Drone  
  27  3:04  Drone  
  27  3:05  Drone  
  30  3:11  Pneumatized Carapace  
  30  3:16  Drone x2  
  32  3:23  Drone  
  32  3:26  Drone x2  
  35  3:29  Queen  
  35  3:33  Queen  
  39  3:36  Overseer  
  39  3:39  Drone x2  
  41  3:43  Zergling x2  
  42  3:49  Overlord  
  42  3:50  Overlord  
  42  3:58  Evolution Chamber  
  41  4:03  Infestation Pit  
  41  4:05  Spore Crawler x2  
  38  4:18  Drone x6  
  38  4:20  Overlord  
  38  4:21  Zergling x2  
  38  4:23  Zergling x2  
  46  4:31  Zerg Melee Weapons Level 1  
  46  4:38  Hydralisk Den  
  45  4:39  Drone x2  
  47  4:55  Spire  
  46  5:04  Drone x6  
  46  5:06  Extractor  
  51  5:07  Extractor  
  51  5:09  Extractor x2  
  47  5:27  Hydralisk x4  
  55  5:32  Drone x3  
  55  5:33  Drone  
  56  5:55  Spore Crawler  
  56  5:57  Spore Crawler  
  54  6:03  Hive  
  54  6:10  Spore Crawler  
  53  6:12  Corruptor x3  
  54  6:30  Corruptor  
  54  6:31  Corruptor x2  
  60  6:34  Drone  
  60  6:35  Drone x5  
  66  6:48  Overlord x3  
  66  6:49  Overlord  
  66  7:05  Queen  
  59  7:20  Corruptor x3  
  59  7:22  Corruptor  
  63  7:25  Drone  
  66  7:30  Viper  
  66  7:33  Viper  
  72  7:39  Viper  
  72  7:42  Drone  
  76  7:47  Corruptor  
  78  7:59  Corruptor  
  80  8:24  Drone x2  
  80  8:25  Drone  
  80  8:26  Drone x2  
  85  8:27  Drone x2, Corruptor  
  85  8:32  Overlord x2  
  89  8:44  Overlord  
  89  8:45  Drone  
  90  9:19  Corruptor x3  
  90  9:20  Corruptor x4  
  104  9:32  Mutalisk  
  106  9:38  Greater Spire  
  106  9:40  Drone  
  107  10:00  Drone  
  107  10:01  Drone, Hatchery  
  107  10:05  Drone x3  
  111  10:07  Mutalisk  
  111  10:10  Overlord x3  
  113  10:20  Hatchery  
  112  10:23  Hatchery  
  111  10:29  Corruptor x3  
  94  10:57  Corruptor x2  
  94  10:58  Viper x4  
  94  11:02  Brood Lord x5  
  120  11:05  Drone x3  
  120  11:06  Drone  
  120  11:08  Drone  
  125  11:11  Corruptor  
  125  11:16  Drone x3  
  125  11:17  Drone  
  131  11:18  Drone  
  131  11:22  Corruptor  
  131  11:25  Drone  
  135  11:26  Drone  
  136  11:40  Drone x3  
  136  11:41  Overlord  
  136  11:44  Zerg Flyer Armor Level 1  
  136  11:45  Corruptor  
  136  11:46  Corruptor  
  143  11:53  Corruptor  
  145  11:55  Brood Lord  
  145  11:59  Drone x2  
  145  12:00  Drone x4  
  153  12:02  Corruptor  
  153  12:05  Drone  
  156  12:10  Corruptor  
  156  12:12  Drone x2  
  156  12:14  Queen  
  162  12:21  Drone  
  162  12:22  Drone, Overlord  
  164  12:23  Overlord x3  
  164  12:25  Overlord  
  145  13:02  Corruptor x2  
  145  13:03  Viper x3  
  145  13:04  Corruptor  
  157  13:06  Drone x4  
  157  13:07  Drone x5  
  157  13:10  Extractor  
  157  13:11  Extractor  
  164  13:12  Extractor  
  164  13:15  Corruptor x2  
  164  13:17  Drone  
  164  13:18  Drone  
  169  13:22  Drone  
  170  13:27  Extractor  
  170  13:29  Extractor x2  
  167  13:38  Zerg Flyer Weapons Level 1  
  167  13:42  Hatchery  
  167  13:43  Drone x6  
  167  13:44  Corruptor x5  
  182  14:11  Hatchery  
  181  14:43  Drone x2, Corruptor  
  181  14:44  Drone, Corruptor x7  
  200  14:47  Overseer x4  
  200  14:50  Overseer x3  
  200  14:51  Overseer x2  
  200  14:52  Overlord  
  200  14:55  Overlord x2  
  200  15:04  Spire  
  194  15:44  Mutalisk x3  
  128  16:35  Hydralisk x3  
  128  16:36  Corruptor x5  
  128  16:37  Zergling x2  
  128  16:38  Mutalisk x5  
  128  16:39  Mutalisk x2  
  137  16:40  Zergling x12  
  137  16:41  Zergling x6  
  140  16:51  Ultralisk Cavern  
  140  16:52  Zerg Ground Armor Level 1, Evolution Chamber  
  140  16:53  Evolution Chamber, Corruptor  
  140  16:54  Corruptor  
  137  16:56  Zergling x4  
  137  16:57  Zergling x8  
  143  17:12  Zergling x6  
  143  17:13  Zergling x6  
  143  17:14  Zergling x4  
  143  17:15  Zergling x12  
  130  17:33  Drone  
  130  17:34  Drone  
  130  17:35  Drone x6  
  134  17:38  Corruptor x2  
  134  17:39  Ultralisk  
  134  17:42  Anabolic Synthesis  
  139  17:44  Zerg Missile Weapons Level 1  
  137  18:04  Viper x2  
  122  18:24  Overlord  
  122  18:25  Overlord x6  
  122  18:26  Overlord x6  
  122  18:27  Overlord  
  103  18:47  Zergling x4  
  102  18:48  Ultralisk  
  102  18:49  Ultralisk x3  
  102  18:50  Zergling x8  
  102  18:51  Zergling x14  
  134  18:57  Extractor  
  134  19:00  Drone  
  134  19:01  Extractor  
  134  19:02  Drone x3  
  127  19:03  Ultralisk  
  124  19:19  Ultralisk  
  124  19:20  Zergling x8  
  124  19:21  Zergling x10  
  117  19:41  Drone x7  
  114  19:50  Spawning Pool  
Show
View Real Time Build Order
Export as new Build Order

oggzzz Protoss - Winner!

Build Orders: 1 Gate Expand, Carriers, Carrier Rush 

Get SALT Encoding   

  12  0:00  Probe  
  13  0:12  Probe  
  14  0:20  Pylon  
  14  0:24  Probe  
  15  0:38  Probe  
  15  0:41  Gateway  
  16  0:49  Assimilator  
  16  0:50  Probe (Chrono Boost)  
  17  1:00  Probe (Chrono Boost)  
  18  1:05  Probe (Chrono Boost)  
  19  1:16  Probe  
  20  1:27  Nexus  
  20  1:37  Pylon  
  20  1:45  Cybernetics Core  
  20  1:51  Assimilator  
  20  1:55  Probe  
  21  2:07  Probe  
  22  2:19  Probe  
  23  2:22  Pylon  
  23  2:31  Probe  
  24  2:43  Probe, Stargate  
  25  2:46  Probe, Forge  
  26  2:53  Pylon  
  26  2:57  Probe (Chrono Boost)  
  26  2:58  Probe (Chrono Boost)  
  28  3:10  Probe (Chrono Boost)  
  28  3:12  Probe (Chrono Boost), Assimilator  
  30  3:15  Probe (Chrono Boost)  
  30  3:19  Probe (Chrono Boost)  
  32  3:24  Photon Cannon  
  33  3:28  Probe (Chrono Boost)  
  33  3:31  Probe (Chrono Boost)  
  34  3:36  Stargate  
  34  3:38  Probe (Chrono Boost)  
  34  3:39  Probe (Chrono Boost)  
  36  3:46  Fleet Beacon  
  36  3:49  Probe  
  36  3:50  Probe  
  36  3:55  Pylon  
  38  4:01  Probe  
  38  4:02  Probe, Assimilator  
  40  4:14  Probe x2, Photon Cannon  
  42  4:30  Carrier (Chrono Boost), Shield Battery  
  48  4:41  Carrier (Chrono Boost)  
  54  4:49  Shield Battery  
  54  4:51  Shield Battery  
  54  4:57  Photon Cannon  
  54  5:03  Probe x2  
  56  5:15  Probe  
  56  5:16  Pylon  
  57  5:24  Carrier (Chrono Boost)  
  63  5:32  Protoss Air Weapons Level 1 (Chrono Boost)  
  63  5:51  Photon Cannon  
  63  5:52  Carrier (Chrono Boost)  
  69  6:25  Carrier (Chrono Boost)  
  75  6:39  Cybernetics Core  
  75  6:42  Pylon  
  75  6:46  Stargate  
  75  6:47  Stargate  
  75  6:56  Pylon  
  69  7:36  Carrier (Chrono Boost)  
  69  7:37  Carrier (Chrono Boost)  
  81  7:54  Pylon  
  81  7:56  Pylon  
  81  8:00  Pylon  
  81  8:03  Pylon, Protoss Air Armor Level 1 (Chrono Boost)  
  81  8:19  Protoss Air Weapons Level 2 (Chrono Boost)  
  81  8:23  Nexus  
  81  8:24  Pylon  
  81  8:27  Pylon  
  81  8:29  Unknown  
  81  8:30  Assimilator  
  81  8:32  Assimilator  
  81  8:35  Pylon  
  75  9:29  Carrier x2  
  87  9:32  Photon Cannon  
  87  9:33  Photon Cannon  
  87  9:35  Photon Cannon  
  87  9:38  Photon Cannon  
  87  9:40  Shield Battery  
  87  9:41  Shield Battery  
  87  9:45  Shield Battery  
  87  9:48  Probe x3  
  100  10:00  Probe x3  
  93  10:12  Probe x2  
  93  10:13  Probe  
  96  10:17  Stargate  
  96  10:20  Stargate  
  96  10:23  Protoss Air Armor Level 2 (Chrono Boost)  
  96  10:24  Probe  
  96  10:25  Probe x2  
  99  10:34  Tempest (Chrono Boost)  
  104  10:36  Probe  
  93  10:53  Void Ray x2 (Chrono Boost)  
  101  11:07  Void Ray (Chrono Boost)  
  101  11:15  Void Ray (Chrono Boost)  
  108  11:18  Flux Vanes  
  108  11:22  Void Ray  
  108  11:23  Void Ray  
  116  11:35  Protoss Air Weapons Level 3 (Chrono Boost)  
  116  11:45  Void Ray, Nexus  
  116  11:46  Void Ray  
  116  11:48  Pylon  
  116  11:49  Pylon  
  116  11:50  Pylon x2  
  116  11:52  Pylon  
  124  11:54  Pylon  
  124  11:59  Pylon  
  124  12:00  Pylon, Void Ray  
  128  12:09  Photon Cannon  
  128  12:10  Photon Cannon  
  128  12:13  Photon Cannon  
  128  12:14  Photon Cannon  
  128  12:18  Shield Battery  
  128  12:19  Shield Battery  
  128  12:22  Shield Battery  
  128  12:25  Photon Cannon  
  128  12:27  Photon Cannon  
  128  12:29  Photon Cannon  
  128  12:30  Photon Cannon  
  128  12:32  Void Ray  
  128  12:33  Shield Battery  
  128  12:34  Shield Battery  
  128  12:36  Tempest  
  133  12:38  Tempest  
  142  12:53  Assimilator  
  142  12:55  Assimilator  
  142  13:06  Tempest  
  142  13:11  Probe x3  
  142  13:12  Probe  
  151  13:15  Tempest  
  156  13:23  Probe x3  
  156  13:24  Probe  
  156  13:26  Pylon  
  160  13:28  Pylon  
  160  13:32  Pylon  
  160  13:33  Tempest  
  165  13:35  Probe  
  165  13:36  Probe x3  
  169  13:53  Protoss Air Armor Level 3 (Chrono Boost)  
  169  14:11  Photon Cannon  
  169  14:14  Photon Cannon  
  169  14:16  Photon Cannon  
  169  14:29  Tempest x4  
  189  14:41  Robotics Facility  
  189  15:12  Tempest  
  190  16:07  Tempest x2  
  164  16:32  Carrier  
  164  16:33  Carrier  
  141  16:44  Void Ray  
  141  16:50  Carrier  
  131  17:21  Void Ray  
  135  17:31  Void Ray x2  
  135  17:32  Observer  
  139  17:48  Void Ray  
  139  17:53  Observer  
  139  17:58  Void Ray  
  148  18:08  Void Ray x2  
  143  18:15  Observer  
  147  18:31  Carrier  
  153  18:41  Tempest  
  154  18:51  Tempest, Carrier  
  154  18:54  Photon Cannon  
  165  18:59  Photon Cannon  
  161  19:24  Tempest  
  166  19:34  Tempest  
  166  19:35  Tempest  
Show
View Real Time Build Order
Export as new Build Order

Tjolof Terran - Winner!

Build Orders:  

Get SALT Encoding   

  12  0:00  SCV  
  13  0:12  SCV  
  14  0:17  Supply Depot  
  14  0:25  SCV  
  15  0:39  SCV  
  15  0:40  Barracks  
  16  0:50  Refinery  
  16  0:51  SCV  
  16  0:55  Refinery  
  17  1:04  SCV  
  18  1:16  SCV  
  19  1:31  Reaper  
  20  1:33  Orbital Command  
  20  1:53  Factory  
  20  1:58  Barracks  
  20  1:59  Barracks  
  20  2:01  SCV  
  20  2:07  Supply Depot  
  21  2:14  SCV  
  21  2:15  Reaper  
  23  2:29  SCV  
  24  2:35  Engineering Bay  
  24  2:38  Factory Tech Lab  
  24  2:42  Starport  
  24  2:48  Marine x2  
  26  2:51  Marine  
  27  3:01  Siege Tank  
  30  3:17  SCV  
  30  3:18  Barracks Reactor, Barracks Tech Lab  
  31  3:34  Command Center  
  31  3:40  Supply Depot  
  29  3:57  Marine  
  29  3:58  Marine  
  29  3:59  Stimpack  
  29  4:01  Marine x2  
  33  4:03  SCV  
  33  4:08  Siege Tank  
  37  4:16  SCV  
  38  4:29  SCV  
  39  4:43  Barracks Reactor  
  39  4:46  Marine x3  
  39  4:47  Starport Reactor  
  39  4:48  Supply Depot  
  39  4:50  Supply Depot  
  42  4:57  SCV  
  43  5:02  Missile Turret  
  43  5:03  Terran Infantry Weapons Level 1  
  43  5:04  Marine x3, Missile Turret  
  46  5:10  Bunker  
  46  5:19  Orbital Command  
  46  5:20  SCV  
  47  5:22  Marine  
  47  5:23  Marine  
  47  5:25  Marine  
  50  5:30  Medivac  
  50  5:35  SCV  
  53  5:40  Marine x3  
  56  5:47  Marine  
  56  5:48  Marine  
  61  5:50  Siege Tank  
  61  5:58  Supply Depot  
  61  6:00  Marine x2  
  61  6:03  Medivac  
  65  6:06  Marine x2  
  63  6:20  Marine x3  
  56  6:56  Medivac, Siege Tank  
  56  6:57  Marine x5  
  66  7:10  SCV x2  
  66  7:14  Supply Depot  
  66  7:15  Supply Depot  
  68  7:17  Barracks  
  68  7:18  Barracks  
  68  7:20  Refinery  
  68  7:21  Factory  
  68  7:22  SCV x2  
  70  7:23  Terran Infantry Armor Level 1  
  70  7:26  Marine x2  
  70  7:27  Armory  
  70  7:29  Combat Shield  
  72  7:47  Marine x3  
  72  7:48  Marine x2  
  75  8:18  SCV x2  
  77  8:20  Barracks Reactor x2  
  77  8:21  Factory Tech Lab  
  77  8:32  Marine x4  
  77  8:33  Marine  
  85  8:34  Medivac x2, Siege Tank  
  85  8:35  SCV  
  85  8:36  SCV  
  85  8:41  Supply Depot x2  
  88  8:49  SCV x2  
  88  8:55  Marine x4  
  93  9:02  SCV x2, Marine x5, Supply Depot  
  98  9:25  Marine x8  
  98  9:26  Marine  
  98  9:27  Siege Tank x2  
  113  9:33  SCV x2  
  113  9:36  Refinery  
  113  9:37  Terran Infantry Weapons Level 2  
  115  9:39  Terran Vehicle Weapons Level 1  
  115  9:43  Engineering Bay  
  115  9:49  Marine x3  
  118  9:54  Missile Turret  
  118  10:02  Supply Depot  
  118  10:03  Supply Depot  
  118  10:23  Marine x6  
  124  10:34  Marine x3  
  127  10:41  Thor  
  133  10:43  Command Center  
  133  10:59  Marine  
  134  11:14  Supply Depot  
  134  11:15  Supply Depot x2  
  134  11:35  SCV, Marine x4, Siege Tank  
  134  11:36  Marine x4, Thor  
  134  11:37  SCV, Medivac x2  
  157  11:40  Supply Depot x2  
  157  11:51  SCV  
  158  11:54  Orbital Command, SCV  
  158  11:57  Terran Infantry Weapons Level 3  
  158  11:59  Terran Infantry Armor Level 2  
  158  12:00  Terran Vehicle Weapons Level 2  
  159  12:03  Marine x2  
  159  12:06  Marine x4  
  165  12:10  SCV  
  165  12:11  SCV  
  165  12:12  Marine x2  
  165  12:13  Marine  
  170  12:22  Thor  
  176  12:25  SCV x3  
  179  12:30  Refinery  
  179  12:33  Refinery  
  179  12:36  Thor  
  185  12:47  Supply Depot  
  185  12:49  SCV x3  
  185  12:50  Supply Depot  
  188  12:52  Supply Depot  
  188  12:54  Supply Depot  
  188  13:04  Marine  
  189  13:08  Marine x4  
  189  13:09  SCV x2, Medivac  
  189  13:12  Marine x3  
  200  13:30  Command Center  
  200  14:04  SCV, Marine  
  200  14:07  Medivac  
  185  14:23  Marine x5  
  185  14:24  Marine x4  
  161  14:26  Thor, Siege Tank  
  161  14:27  Medivac  
  173  14:34  Factory  
  173  14:35  Factory  
  173  14:36  Terran Infantry Armor Level 3  
  173  14:37  Terran Vehicle Weapons Level 3  
  173  14:38  Factory  
  173  14:41  Marine  
  173  14:43  Command Center  
  173  14:44  SCV x3  
  177  14:49  Marine x5  
  177  14:50  Marine x3  
  185  15:02  Smart Servos  
  185  15:13  Marine x5  
  190  15:14  Marine  
  190  15:15  Thor  
  190  15:16  Refinery, Siege Tank  
  190  15:19  Refinery, Factory Tech Lab x2  
  200  15:23  Factory Tech Lab  
  193  16:04  Orbital Command  
  193  16:16  Command Center x2  
  187  16:18  Command Center  
  149  16:32  Marine  
  149  16:33  Marine x8  
  149  16:34  Thor x4  
  149  16:35  Thor  
  167  16:56  Marine x8  
  167  16:57  Marine  
  174  17:14  Terran Vehicle And Ship Armor Level 1, Marine x3  
  166  17:16  Marine x6  
  166  17:21  Thor x2  
  184  17:32  Marine x3  
  180  17:50  Marine  
  180  17:51  Marine x8  
  185  17:52  Thor  
  192  18:08  Marine  
  192  18:27  Marine x7  
  192  18:28  Marine  
  196  19:00  Marine x4  
Tags
 
Add a new tag
Caveats
  • Supply blocks, unpowered buildings, or Contaminate may cause inaccurate times.
  • Supply counts are checked every 10 seconds.